 Dungeon Crawl Stone Soup version 0.32-a0-913-g739538afd8 (webtiles) character file.

Game seed: 7289192800586260470

1549 BigDaddyOpFi the Chopper (level 8, -3/58 (64) HPs)
             Began as a Coglin Berserker on Apr 9, 2024.
             Was a Priest of Trog.
             Slain by a wight
             ... wielding a +3 great sword
              (8 damage)
             ... on level 6 of the Dungeon.
             The game lasted 00:05:30 (4470 turns).

BigDaddyOpFi the Chopper (Coglin Berserker)         Turns: 4470, Time: 00:05:30

HP:   -3/58 (64)    AC: 14    Str: 19    XL:     8   Next: 87%
MP:   8/8           EV:  6    Int:  8    God:    Trog [***...]
Gold: 253           SH:  0    Dex: 13    Spells: 7/7 levels left

rFire   . . .        a - +0 hand axe (spect) {Jin}
rCold   . . .        f - +0 hand axe {Elena}
rNeg    . . .        l - +1 plate armour
rPois   .            (no helmet)
rElec   .            (no cloak)
rCorr   .            k - +0 pair of gloves
SInv    .            (no boots)
Will    .....        (amulet unavailable) Stlth
                     (ring unavailable)
HPRegen 0.29/turn    (ring unavailable)
MPRegen 0.11/turn    (no gizmo)

%: no passive effects
@: drained, revved
A: off-hand wielding, slow wielding, warmup strikes, no jewellery
a: Invent Gizmo, Renounce Religion, Berserk, Trog's Hand


You were on level 6 of the Dungeon.
You worshipped Trog.
Trog was most pleased with you.
You visited 1 branch of the dungeon, and saw 6 of its levels.

You collected 253 gold pieces.

Inventory:

Hand Weapons
 a - a +0 spectral hand axe (weapon) {Jin}
 f - a +0 hand axe (offhand) {Elena}
Missiles
 c - a throwing net (quivered)
 p - 5 atropa-tipped darts
Armour
 k - a +0 pair of gloves (worn)
 l - a +1 plate armour (worn)
Wands
 b - a wand of warping (17)
Scrolls
 g - 2 scrolls of teleportation
 n - a scroll of noise
 r - 2 scrolls of identify
 s - a scroll of torment {unknown}
Potions
 d - 2 potions of curing {unknown}
 e - a potion of heal wounds {unknown}
 h - a potion of lignification {unknown}
 i - a potion of resistance {unknown}
 j - 4 potions of enlightenment {unknown}
 m - a potion of brilliance {unknown}
 o - a potion of cancellation {unknown}
 q - 2 potions of attraction {unknown}
 t - a potion of haste {unknown}


   Skills:
 + Level 5.7 Fighting
 * Level 7.3 Axes
 + Level 4.7 Armour
 + Level 4.7 Dodging


You had 7 spell levels left.
You didn't know any spells.
Your spell library was empty.

Dungeon Overview and Level Annotations

Branches:
Dungeon (6/15)
 Temple: D:4-7

Altars:
Ashenzari
Dithmenos
Okawaru
Trog
Wu Jian
Xom

Shops:
D:1 [


Innate Abilities, Weirdness & Mutations

You can wield a second weapon in your off-hand.
It takes a long time for you to wield or remove held weapons.
Your first few attacks do less damage.
You cannot equip rings or amulets.


Message History

You hit the wight but do no damage.
You hit the wight with your +0 spectral hand axe.
Your +0 spectral hand axe {Jin} hits the wight.
The wight hits you but does no damage. The wight barely misses you.
You hit the wight with your +0 spectral hand axe.
The wight is heavily damaged.
You hit the wight but do no damage.
Your +0 spectral hand axe {Jin} hits the wight.
The wight hits you but does no damage.
Your +0 spectral hand axe {Jin} disappears.
The wight completely misses you. The wight barely misses you.
You hit the wight with your +0 spectral hand axe.
The wight is moderately damaged.
You hit the wight but do no damage.
You slash the wight with your +0 hand axe!
You closely miss the wight with your +0 hand axe.
Your +0 spectral hand axe {Jin} closely misses the wight.
The wight hits you with a +0 spear.
You feel drained.
The wight hits you with a +3 great sword!
You feel drained.
You hit the wight with your +0 hand axe.
The wight is almost destroyed.
You barely miss the wight with your +0 hand axe.
You slash the wight with your +0 spectral hand axe!
You destroy the wight!
Trog accepts your kill.
You hit the wight with your +0 spectral hand axe.
Your +0 spectral hand axe {Jin} barely misses the wight.
Your +0 spectral hand axe {Jin} disappears.
The wight hits you with a +0 long sword!
* * * LOW HITPOINT WARNING * * *
Items here: )) [[.
You closely miss the wight with your +0 spectral hand axe.
You completely miss the wight with your +0 spectral hand axe.
You barely miss the wight with your +0 hand axe.
You hit the wight with your +0 hand axe.
The wight hits you with a +0 long sword!
* * * LOW HITPOINT WARNING * * *
The wight hits you with a +3 great sword!
You die...

########.######..
...............#
#######.########
#.# #.###
#...####
###....###
##..#####...#
#.....z@z.#.#
#.#######........
###.####. .# . ##


You could see 2 wights.

Vanquished Creatures
  Pikel (D:4)
  Grinder (D:6)
  A water moccasin (D:3)
  2 black bears
  An ogre (D:5)
  4 lemures (D:4)
  A phantom (D:5)
  A scorpion (D:4)
  2 wights (D:6)
  A jelly (D:6)
  A hound (D:5)
  2 iguanas
  Terence (D:2)
  6 adders
  4 gnolls (D:4)
  A shadow imp (D:5)
  A dart slug (D:2)
  A ribbon worm (D:2)
  6 orcs
  6 bats
  6 endoplasms
  A giant cockroach (D:3)
  7 goblins
  9 hobgoblins
  3 jackals (D:1)
  5 kobolds
  4 quokkas
  15 ball pythons
  3 frilled lizards
  7 rats
104 creatures vanquished.

Notes
Turn   | Place    | Note
-------+----------+-------------------------------------------
     0 | D:1      | BigDaddyOpFi the Coglin Berserker began the quest for the
                  | Orb.
     0 | D:1      | Reached XP level 1. HP: 18/18 MP: 1/1
   197 | D:1      | Found Korosegg's Antique Armour Boutique.
   220 | D:1      | Reached XP level 2. HP: 24/24 MP: 2/2
   241 | D:1      | Found a faded altar of an unknown god.
   470 | D:1      | Reached XP level 3. HP: 26/29 MP: 3/3
   649 | D:1      | Reached ** piety under Trog
  1159 | D:2      | Noticed Terence
  1165 | D:2      | Killed Terence
  1166 | D:2      | Reached XP level 4. HP: 28/36 MP: 4/4
  1774 | D:3      | Noticed a water moccasin
  1783 | D:3      | Killed a water moccasin
  1784 | D:3      | Reached skill level 4 in Axes
  1784 | D:3      | Reached XP level 5. HP: 24/42 MP: 5/5
  1908 | D:3      | Reached *** piety under Trog
  2033 | D:3      | Reached XP level 6. HP: 48/48 MP: 6/6
  2834 | D:4      | Found an iron altar of Okawaru.
  2837 | D:4      | Found a shadowy altar of Dithmenos.
  3044 | D:4      | Noticed a black bear
  3044 | D:4      | Noticed Pikel
  3051 | D:4      | Killed a black bear
  3052 | D:4      | Reached skill level 5 in Axes
  3052 | D:4      | Reached XP level 7. HP: 55/55 MP: 7/7
  3061 | D:4      | Killed Pikel
  3062 | D:4      | Reached skill level 5 in Fighting
  3062 | D:4      | Reached skill level 6 in Axes
  3062 | D:4      | Reached XP level 8. HP: 62/62 MP: 8/8
  3362 | D:4      | Found a broken altar of Ashenzari.
  3378 | D:4      | Found an ornate altar of the Wu Jian Council.
  3529 | D:4      | Found a bloodstained altar of Trog.
  3608 | D:5      | Entered Level 5 of the Dungeon
  3771 | D:5      | Found a shimmering altar of Xom.
  4264 | D:6      | Noticed Grinder
  4276 | D:6      | Killed Grinder
  4281 | D:6      | Reached skill level 7 in Axes
  4470 | D:6      | Slain by a wight

Illustrated notes

Levels and vault maps discovered:
D:1:      onia_arrival_pentagram, layout_basic,
          nicolae_ecumenical_snake_handling, serial_shops,
          nicolae_shop_dealshenge, st_stairs_1,
          nicolae_concentric_dashed_squares_mild
D:2:      layout_loops_ring, serial_glass, glass_columns_b, glass_columns_a,
          chequers_garden, corexii_item_surrounded_by_moat, grunt_ministairs_9,
          uniq_terence
D:3:      layout_basic, corner_web_ring, chequers_big_river
D:4:      layout_cave_pools, nicolae_overflow_crystal_walls,
          nicolae_ashenzari_skybound, nicolae_overflow_squiral,
          lemuel_tele_altar, uniq_pikel
D:5:      layout_basic, mainiacjoe_overflow_tiny_flanked
D:6:      layout_rooms, nemelex_dance_club_becter, skrybe_limestone_x,
          uniq_grinder

Skill      XL: |  1  2  3  4  5  6  7  8 |
---------------+-------------------------+-----
Armour         | 2 3 4 |  4.7
Dodging        | 2 3 4 |  4.7
Fighting       | 4 5 |  5.7
Axes           | 4 5 6 7 |  7.3

Action                     |  1- 3 |  4- 6 |  7- 9 || total
---------------------------+-------+-------+-------++-------
  Melee: Hand axe          |   139 |   210 |   145 ||   494
 Invoke: Berserk           |       |     2 |       ||     2
    Use: Scroll            |     4 |     3 |       ||     7
   Stab: Sleeping          |     1 |       |       ||     1
         Distracted        |     1 |     1 |     1 ||     3
 Armour: Animal skin       |    35 |       |       ||    35
         Plate armour      |     8 |   104 |    62 ||   174
         Ring mail         |     2 |       |       ||     2
  Dodge: Dodged            |    41 |    29 |    19 ||    89

Table legend: (Time is in decaauts)
 A = Elapsed time spent in this place.
 B = Non-inter-level travel time spent in this place.
 C = Inter-level travel time spent in this place.
 D = Time resting spent in this place.
 E = Time spent auto-exploring this place.
 F = Levels seen in this place.
 G = Mean time per level.
                   A        B        C        D        E       F      G
               +--------+--------+--------+--------+--------+-----+--------+
         Total |   4511 |   4384 |    127 |    320 |   3381 |   6 |  751.8 |
       Dungeon |   4511 |   4384 |    127 |    320 |   3381 |   6 |  751.8 |
               +--------+--------+--------+--------+--------+-----+--------+

Top non-repeatable levels by time:
     D:3: 1098 daAuts
     D:4: 909 daAuts
     D:2: 833 daAuts
     D:1: 811 daAuts
     D:5: 655 daAuts
     D:6: 203 daAuts
